cohdb
Replays
Latest Replays
All Replays
Popular Replays
Top Player Replays
Match Explorer
How It Works
Community
CoH3 Stats
Reddit
Sign in to upload your games and track your stats! →
Sign in with Steam
Match 33537688
Unlisted
Match 33537688
Overview
Messages
Build Orders
End
Royal Engineer Section
Vickers Machine Gun Team
Construct Section Command Post
Dingo Light Scout Car
Infantry Section
ML 3-inch Mortar Team
Selects Air and Sea Battlegroup
Selects Supply Surplus
Selects Supply Surplus
Construct Field Infirmary
Infantry Section
Construct Platoon Command Post
6-pounder Anti-tank Gun Team
Grenade Package
Construct Company Command Post
Selects Commando Section Paradrop
Selects M1 Pack Howitzer Paradrop
Unlock M3 Grant Medium Tanks
Construct Resource Cache
Construct Resource Cache
Construct Resource Cache
M3 Grant Medium Tank
PragerSchinken
Scorch447
Bruistablet
Professor gibberish
GERMAX
WilmOmatiK
SnowLeopard279
Weidmann
0
0
Comments
sign in to comment!
No comments posted yet!